Map: Acropolis LE

Players

Has

  • Race: Protoss Protoss
  • Spawn Location: 11:00

Hellraiser - Winner!

  • Race: Protoss Protoss
  • Spawn Location: 5:00

VOD

Have the link to the VOD?

Description

Time

  • Played on: Sept. 6, 2019, 9:28 p.m.
  • Length: 12:31
Show
View Real Time Build Order
Export as new Build Order

Has Protoss 

Build Orders: Cannon Rush 

Get SALT Encoding   

  12  0:00  Probe  
  13  0:12  Probe  
  14  0:17  Pylon  
  14  0:24  Probe  
  15  0:35  Forge  
  15  0:54  Pylon  
  15  1:13  Pylon  
  15  1:14  Photon Cannon  
  15  1:18  Photon Cannon, Pylon  
  15  1:23  Pylon  
  15  1:35  Photon Cannon  
  15  1:48  Photon Cannon  
  15  1:49  Photon Cannon x2  
  14  1:59  Photon Cannon  
  14  2:01  Photon Cannon  
  14  2:12  Gateway  
  14  2:19  Photon Cannon  
  15  2:26  Photon Cannon  
  15  2:35  Photon Cannon  
  14  2:48  Photon Cannon  
  14  3:01  Photon Cannon  
  14  3:15  Probe  
  14  3:16  Pylon  
  16  3:27  Probe  
  16  3:28  Photon Cannon  
  16  3:35  Probe  
  17  3:45  Probe  
  18  3:48  Assimilator  
  18  3:50  Assimilator  
  18  3:53  Cybernetics Core  
  18  3:55  Probe  
  18  4:03  Probe  
  19  4:11  Probe  
  20  4:17  Photon Cannon  
  20  4:22  Probe  
  21  4:27  Pylon  
  21  4:30  Probe  
  22  4:45  Stargate  
  22  4:49  Adept  
  23  4:56  Probe  
  23  4:57  Warp Gate  
  25  5:08  Probe  
  25  5:13  Pylon  
  26  5:18  Oracle  
  27  5:33  Probe  
  28  5:46  Oracle  
  28  5:49  Gateway  
  29  5:50  Gateway  
  30  6:06  Probe  
  31  6:15  Robotics Facility  
  31  6:17  Pylon  
  30  6:34  Probe  
  28  6:47  Probe  
  28  6:48  Stalker x3  
  35  6:56  Pylon  
  35  7:09  Nexus  
  35  7:21  Observer  
  35  7:23  Robotics Bay  
  35  7:25  Probe  
  37  7:36  Warp Prism  
  37  7:37  Probe  
  40  7:49  Probe  
  41  7:55  Pylon  
  41  8:00  Disruptor  
  41  8:01  Probe  
  45  8:16  Shield Battery  
  46  8:20  Probe  
  41  8:28  Disruptor  
  44  8:43  Stalker x2  
  44  8:48  Probe  
  46  8:50  Probe  
  45  8:59  Pylon  
  45  9:05  Stalker  
  45  9:09  Probe x2  
  49  9:14  Disruptor  
  52  9:21  Assimilator  
  52  9:22  Assimilator  
  52  9:24  Probe x2  
  53  9:33  Probe x2  
  53  9:36  Gravitic Drive  
  55  9:40  Pylon  
  55  9:41  Probe  
  56  9:48  Shield Battery  
  56  9:51  Probe  
  56  9:52  Probe  
  54  10:05  Probe x2  
  56  10:07  Shield Battery  
  56  10:09  Shield Battery  
  56  10:14  Immortal  
  56  10:17  Probe x2  
  62  10:29  Probe  
  62  10:32  Twilight Council  
  62  10:33  Pylon  
  62  10:34  Probe  
  64  10:41  Probe  
  65  10:47  Probe  
  66  10:51  Immortal  
  64  11:00  Stalker x2  
  72  11:06  Pylon  
  72  11:14  Gateway  
  72  11:24  Immortal  
  68  11:41  Robotics Facility  
  68  11:42  Sentry x2  
  68  11:43  Stalker  
  74  11:52  Nexus  
  78  12:18  Stalker x3  
Show
View Real Time Build Order
Export as new Build Order

Hellraiser Protoss - Winner!

Build Orders:  

Get SALT Encoding   

  13  0:10  Probe  
  13  0:16  Pylon  
  13  0:19  Probe  
  13  0:27  Probe  
  14  0:35  Gateway  
  15  0:37  Probe  
  16  0:46  Assimilator  
  16  0:49  Probe  
  17  0:55  Assimilator  
  17  0:58  Probe  
  18  1:06  Gateway, Probe  
  19  1:15  Probe  
  20  1:23  Zealot  
  22  1:32  Cybernetics Core  
  22  1:46  Pylon  
  20  1:59  Stalker  
  20  2:08  Gateway  
  22  2:18  Shield Battery  
  22  2:28  Stalker  
  22  2:29  Shield Battery  
  24  2:42  Shield Battery  
  24  2:53  Stalker  
  24  2:59  Shield Battery  
  24  3:07  Probe  
  25  3:14  Pylon  
  25  3:21  Stalker  
  26  3:27  Probe  
  20  3:39  Probe  
  20  3:51  Probe  
  21  4:03  Warp Gate, Probe  
  22  4:14  Probe  
  23  4:22  Probe  
  23  4:30  Probe  
  25  4:42  Probe  
  26  4:54  Probe  
  26  4:59  Nexus  
  27  5:06  Probe  
  28  5:17  Pylon  
  28  5:18  Probe  
  29  5:30  Probe  
  29  5:34  Robotics Facility  
  30  5:42  Probe  
  31  5:50  Probe  
  31  5:51  Stalker x2  
  36  5:58  Probe  
  37  6:08  Probe  
  38  6:12  Probe  
  38  6:16  Observer  
  39  6:21  Probe  
  39  6:25  Probe, Stalker x2  
  46  6:33  Probe  
  46  6:34  Pylon  
  46  6:37  Probe  
  45  6:45  Probe  
  45  6:46  Probe  
  44  6:51  Twilight Council  
  45  6:54  Probe  
  45  6:57  Probe  
  45  7:03  Probe, Sentry  
  48  7:09  Warp Prism, Probe  
  48  7:12  Stalker  
  48  7:15  Probe  
  52  7:16  Blink  
  52  7:21  Probe  
  55  7:27  Probe  
  56  7:33  Probe  
  57  7:39  Probe  
  57  7:40  Stalker  
  57  7:43  Stalker  
  62  7:45  Probe  
  63  7:51  Shield Battery  
  63  7:53  Probe  
  63  7:55  Observer  
  63  7:57  Probe  
  66  8:07  Assimilator  
  66  8:08  Pylon  
  66  8:13  Stalker x2  
  66  8:17  Pylon  
  70  8:26  Probe x2  
  72  8:27  Observer  
  72  8:38  Stalker x2  
  72  8:39  Probe  
  53  8:41  Probe  
  53  8:48  Nexus  
  53  8:51  Probe  
  54  8:58  Gateway  
  54  9:01  Gateway  
  54  9:02  Stalker  
  55  9:03  Stalker  
  55  9:08  Probe  
  58  9:17  Pylon  
  58  9:24  Forge  
  58  9:29  Adept x2  
  50  9:32  Probe  
  50  9:33  Probe, Protoss Ground Weapons Level 1  
  52  9:42  Gateway  
  52  9:44  Gateway  
  52  9:49  Stalker x2  
  56  9:53  Probe x2  
  58  10:01  Stalker x2  
  58  10:05  Probe x2  
  58  10:06  Probe  
  65  10:09  Charge  
  65  10:12  Stalker  
  65  10:13  Stalker  
  69  10:20  Probe  
  70  10:21  Probe  
  70  10:25  Probe  
  72  10:32  Probe  
  73  10:38  Stalker x2  
  73  10:39  Stalker x2  
  81  10:47  Probe x2  
  81  10:48  Probe  
  79  10:59  Probe  
  79  11:01  Stalker x4  
  79  11:02  Probe  
  79  11:04  Probe  
  91  11:11  Probe  
  91  11:13  Assimilator  
  91  11:14  Probe  
  91  11:16  Pylon  
  92  11:19  Probe  
  93  11:25  Probe  
  93  11:27  Probe  
  93  11:31  Probe  
  93  11:32  Stalker x4  
  96  11:33  Stalker  
  96  11:38  Probe  
  96  11:39  Photon Cannon x2, Probe  
  104  11:46  Assimilator  
  104  11:58  Gateway x2  
  104  11:59  Zealot x2  
  108  12:18  Dark Shrine  
  108  12:20  Zealot x4  
Tags
 
Add a new tag
Caveats
  • Supply blocks, unpowered buildings, or Contaminate may cause inaccurate times.
  • Supply counts are checked every 10 seconds.